[Event "*** Titled Tuesday Blitz"]
[Site "Chess.com"]
[Date "2020.11.10"]
[Round "6"]
[White "QuintilianoR"]
[Black "GukeshDommaraju"]
[Result "0-1"]
[WhiteElo "2696"]
[BlackElo "2868"]
[TimeControl "180+1"]
[EndTime "11:10:04 PST"]
[Termination "GukeshDommaraju won on time"]

1. Nf3 Nf6 2. c4 e6 3. Nc3 d5 4. d4 Bb4 5. Bg5 h6 6. Bxf6 Qxf6 7. Qa4+ Nc6 8. e3 O-O 9. Rc1 Rd8 10. Be2 dxc4 11.
Bxc4 Bd7 12. Qc2 e5 13. dxe5 Nxe5 14. Nxe5 Qxe5 15. Bxf7+ Kh8 16. O-O Bc6 17. Rfd1 Bd6 18. g3 Bb4 19. Bc4 Bxc3 20. bxc3 Be4 21. Qe2 Qf5 22. Rd4 c5 23. Rxd8+ Rxd8 24. Rd1 Rf8 25. Bd3 Qf3 26. Qxf3 Bxf3 27. Rb1 Rd8 28. Bf1 Be4 29. Ra1 Rd2 30. c4 Rc2 31. a4 a5 32. h3 Bc6 33.
g4 g5 34. Bg2 Bxg2 35. Kxg2 Rxc4 36. Rd1 Rb4 37. Rd7 b6 38. Rb7 c4 39. Kf3 c3 40.
Rc7 Rxa4 41. Rxc3 Rb4 42. Rc7 a4 43. Ra7 b5 44. e4 Rb3+ 45. Kg2 a3 46. e5 Kg8 47. f3 Rb2+ 48. Kg3 a2 49. e6 Kf8 50. h4 b4 51. hxg5 hxg5 52. f4 Rb3+ 53. Kf2 Ra3 0-1

[Event "*** Titled Tuesday Blitz"]
[Site "Chess.com"]
[Date "2020.11.10"]
[Round "6"]
[White "Legendinunknown"]
[Black "Predatoru"]
[Result "1-0"]
[WhiteElo "2717"]
[BlackElo "2498"]
[TimeControl "180+1"]
[EndTime "11:10:04 PST"]
[Termination "Legendinunknown won by resignation"]

1. d4 d5 2. c4 e6 3. Nc3 c6 4.
Nf3 dxc4 5. a4 Bb4 6. g3 Nf6 7. Bg2 Nbd7 8. O-O a5 9. Qc2 O-O 10. e4 e5 11. dxe5 Ng4 12. Bf4 Qe7 13. Bg5 Qe8 14.
Na2 Ndxe5 15. Nxe5 Nxe5 16. Nxb4 axb4 17. f4 Ng6 18. f5 Ne5 19. f6 Qe6 20. fxg7 Re8 21. Bf6 Ng4 22. Bd4 Rd8 23. Rad1 b5 24. Bh3 Qg6 25. Qe2 Be6 26. Bg2 bxa4 27. h3 a3 28.
bxa3 bxa3 29. hxg4 Bxg4 30. Bf3 Bxf3 31. Rxf3 a2 32. Ba1 Rxd1+ 33. Qxd1 Rb8 34. Kf2 Qxe4 35. Re3 Qb1 36. Re1 Qf5+ 37. Kg2 Qd5+ 38. Qxd5 cxd5 39. Re5 Kxg7 40. Re8+ Kg6 41. Rxb8 1-0

[Event "*** Titled Tuesday Blitz"]
[Site "Chess.com"]
[Date "2020.11.10"]
[Round "6"]
[White "Fortitudine"]
[Black "Beltraxtor"]
[Result "1-0"]
[WhiteElo "2310"]
[BlackElo "2545"]
[TimeControl "180+1"]
[EndTime "11:10:04 PST"]
[Termination "Fortitudine won on time"]

1. c4 c6 2. g3 d5 3. Nf3 Nf6 4.
Bg2 dxc4 5. Na3 Qd5 6. Qc2 Bf5 7. Qxc4 e6 8. O-O Bxa3 9. Qxd5 exd5 10. bxa3 Nbd7 11.
d3 O-O 12. Nd4 Bg6 13. Rb1 Nc5 14. Be3 Rfe8 15. Rfc1 Nfd7 16. Bh3 b6 17. Nxc6 Ne5 18. Nxe5 Rxe5 19. d4 Bxb1 20. dxe5 Bxa2 21. Bxc5 bxc5 22.
Rxc5 Bc4 23. e4 Rd8 24. exd5 Bxd5 25. Rc8 Rxc8 26. Bxc8 Kf8 27. f4 Ke7 28. Kf2 f6 29. exf6+ Kxf6 30. Ke3 g5 31. fxg5+ Kxg5 32. h4+ Kf6 33.
Kf4 h6 34. g4 Bc6 35. g5+ hxg5+ 36. hxg5+ Kg6 37. Bf5+ Kh5 38. g6 Kh6 39. Ke5 Be8 40.
Kf6 Ba4 41. Be6 1-0

[Event "*** Titled Tuesday Blitz"]
[Site "Chess.com"]
[Date "2020.11.10"]
[Round "6"]
[White "maximnovik"]
[Black "Andrii_Prydun"]
[Result "1-0"]
[WhiteElo "2522"]
[BlackElo "2351"]
[TimeControl "180+1"]
[EndTime "11:10:04 PST"]
[Termination "maximnovik won by resignation"]

1. d4 d5 2. c4 c6 3. Nc3 Nf6 4. Bf4 e6 5. e3 Nbd7 6. Qc2 Be7 7. cxd5 exd5 8. Bd3 Nh5 9. Nge2 Nxf4 10. Nxf4 h6 11. O-O-O Nf8 12. h3 Bd7 13. Kb1 Qa5 14. Rc1 Ne6 15.
Nxe6 Bxe6 16. Bf5 Bxf5 17. Qxf5 Rd8 18. g4 Qa6 19. h4 g6 20. Qc2 Qc4 21. h5 g5 22. Qd2 Qb4 23. Qd3 Kf8 24. Ne2 Bd6 25. f4 gxf4 26. exf4 Re8 27. Rc2 Re4 28. g5 Bxf4 29.
g6 fxg6 30. a3 Qe7 31. Nxf4 Rxf4 32. Qxg6 Rf6 33. Qg4 Qe6 34. Qg3 Qd6 35. Qg2 Rg8 36.
Qe2 Qe6 37. Qh2 Qd6 38. Qh4 Qf4 39. Qe1 Qe4 40. Qb4+ Ke8 41. Re1 Rg1 42. Rxg1 Rf2 43. Rc1 a5 44. Qxb7 Qd3 45. Qxc6+ 1-0

[Event "*** Titled Tuesday Blitz"]
[Site "Chess.com"]
[Date "2020.11.10"]
[Round "6"]
[White "alejanchess73"]
[Black "Jenia84"]
[Result "1-0"]
[WhiteElo "2463"]
[BlackElo "2315"]
[TimeControl "180+1"]
[EndTime "11:10:04 PST"]
[Termination "alejanchess73 won by resignation"]

1. d4 Nf6 2. c4 e6 3. Nc3 Bb4 4. a3 Bxc3+ 5. bxc3 O-O 6. f3 d6 7. e4 e5 8. Bd3 b6 9. Bg5 h6 10. Bh4 a5 11. Ne2 Ba6 12. O-O Nbd7 13. Kh1 Re8 14. Qd2 Nf8 15. Bf2 Ng6 16. g4 Nh7 17. Rg1 Ng5 18.
Qe3 Qf6 19. Rg3 Nf4 20. Ng1 Nxd3 21. Qxd3 exd4 22. Bxd4 Qe7 23. h4 Ne6 24. g5 hxg5 25. hxg5 Nxg5 26. Ra2 f6 27. Rag2 Kf7 28. Ne2 Rh8+ 29.
Kg1 Ne6 30. f4 Rh7 31. f5 Ng5 32. Nf4 Qxe4 33. Qxe4 Nxe4 34. Re3 Ng5 35. Ne6 Bxc4 36. Nxc7 Rc8 37. Ne6 Nxe6 38. fxe6+ Bxe6 39. Rge2 Re8 40. Bxb6 Bf5 41. Rxe8 1-0

[Event "*** Titled Tuesday Blitz"]
[Site "Chess.com"]
[Date "2020.11.10"]
[Round "6"]
[White "denispopov"]
[Black "VitaliyBernadskiy"]
[Result "1-0"]
[WhiteElo "1859"]
[BlackElo "2730"]
[TimeControl "180+1"]
[EndTime "11:10:05 PST"]
[Termination "denispopov won on time"]

1. e4 e5 2. Nf3 Nc6 3. Bc4 Bc5 4.
O-O d6 5. c3 Bg4 6. h3 Bh5 7.
d3 Nge7 8. Qe2 O-O 9. a4 a5 10.
g4 Bg6 11. Bb3 d5 12. Nh4 dxe4 13. dxe4 Nc8 14. Nxg6 hxg6 15. Kg2 Nd6 16. Nd2 Qe7 17. Nf3 Kh8 18. Bg5 f6 19. Bd2 Nd8 20. Nh4 Kh7 21. Rad1 Ne6 22. Nf5 Qe8 23. Nxd6 cxd6 24. Bc1 g5 25.
Rh1 Nf4+ 26. Bxf4 gxf4 27. h4 Rb8 28. Qb5 Qg6 29. f3 Kh8 30. Qxa5 Qe8 31. Qb5 Qe7 32.
Qc4 Rbe8 33. Qd5 Qc7 34. Ra1 Ba7 35. a5 Rc8 36. Ra4 Bc5 37. Qe6 Ra8 38. Qf5 g6 39. Qxg6 Qh7 40. Qxh7+ Kxh7 41. Bd5 Ra7 42. b4 b5 43. Ra2 1-0

[Event "*** Titled Tuesday Blitz"]
[Site "Chess.com"]
[Date "2020.11.10"]
[Round "6"]
[White "kasparicy"]
[Black "PavlovDanila"]
[Result "1-0"]
[WhiteElo "2391"]
[BlackElo "2631"]
[TimeControl "180+1"]
[EndTime "11:10:08 PST"]
[Termination "kasparicy won by checkmate"]

1. e4 e6 2. d4 d5 3. Nd2 Nf6 4. e5 Nfd7 5. Bd3 c5 6. c3 Nc6 7. Ngf3 f6 8. O-O fxe5 9. dxe5 Ndxe5 10. Nxe5 Nxe5 11. Qh5+ Nf7 12. Re1 g6 13. Bb5+ Ke7 14.
Qh4+ g5 15. Qh5 a6 16. Ba4 b5 17. Bc2 h6 18. Nf3 Bg7 19. Bg6 Rf8 20. Be3 Qc7 21. Rad1 Nd6 22. b4 Bxc3 23. Qxh6 Bxe1 24. Qg7+ Nf7 25.
Bxg5+ Ke8 26. Rxe1 Ra7 27. Ne5 Qd6 28. Nxf7 Raxf7 29. Qc3 c4 30. Bh6 Kd7 31. Bxf8 Rxf8 32. Qg7+ Kc6 33.
h4 Bd7 34. Qd4 Qf4 35. Qa7 Qc7 36. Qc5+ Kb7 37. Qxf8 d4 38. Be4+ Bc6 39. Bxc6+ Qxc6 40. Qe7+ Kb8 41. Rxe6 Qc7 42. Qe8+ Qc8 43. Rb6+ Kc7 44. Rc6+ Kb7 45. Qxc8+ Ka7 46. Rxa6# 1-0

[Event "*** Titled Tuesday Blitz"]
[Site "Chess.com"]
[Date "2020.11.10"]
[Round "6"]
[White "Grieve72"]
[Black "SlavenPastar"]
[Result "1-0"]
[WhiteElo "2379"]
[BlackElo "2520"]
[TimeControl "180+1"]
[EndTime "11:10:08 PST"]
[Termination "Grieve72 won on time"]

1. d4 b6 2. e4 Bb7 3. Nc3 e6 4. Nf3 Bb4 5. Bd3 Nf6 6. Qe2 d5 7. e5 Ne4 8. Bd2 Nxd2 9. Qxd2 c5 10. O-O c4 11. Be2 Nc6 12. Qf4 Bxc3 13. bxc3 Ne7 14.
Ng5 O-O 15. g3 Bc6 16. h4 Ba4 17. Rac1 Nf5 18. Kg2 h6 19. Nf3 Ne7 20. g4 f5 21.
exf6 Ng6 22. Qe3 Qxf6 23. Kg3 Rae8 24. h5 Nf4 25. Ne5 Qg5 26. Rh1 Re7 27. Bd1 Ree8 28.
Rb1 Qe7 29. Rb4 Bd7 30. Re1 Bc8 31. Qd2 Qg5 32. Qe3 Nxh5+ 33. Kg2 Nf4+ 34. Kg3 h5 35. Rh1 hxg4 36. Bxg4 Ng6 37. Qxg5 1-0

[Event "*** Titled Tuesday Blitz"]
[Site "Chess.com"]
[Date "2020.11.10"]
[Round "6"]
[White "zala02"]
[Black "Ladislav1969"]
[Result "0-1"]
[WhiteElo "2141"]
[BlackElo "2278"]
[TimeControl "180+1"]
[EndTime "11:10:08 PST"]
[Termination "Ladislav1969 won on time"]

1. d4 Nf6 2. c4 g6 3. Nc3 d5 4.
cxd5 Nxd5 5. e4 Nxc3 6. bxc3 c5 7. Bc4 Bg7 8. Ne2 Nc6 9. Be3 O-O 10. O-O Bd7 11.
Rb1 Na5 12. Bd3 cxd4 13. cxd4 b6 14. Qd2 Rc8 15. Rfc1 Rxc1+ 16. Rxc1 Bc6 17. d5 Ba8 18. Bb5 e6 19. dxe6 fxe6 20. Qxd8 Rxd8 21. f3 Be5 22. Kf2 Bb7 23. f4 Bb8 24. e5 Kf7 25. Nd4 a6 26.
Be2 Bd5 27. Rc2 b5 28. Nf3 Rd7 29. Ng5+ Kg7 30. Bg4 Re7 31. Bc5 Ba7 32. Bxa7 Rxa7 33. Bxe6 Bc4 34. Bxc4 Nxc4 35. Ne4 Rf7 36. g3 h6 37. Nd2 Nxe5 38. Ke2 Ng4 39. h3 Nf6 40. Kf3 Nd5 41. Ne4 g5 42. Rc6 gxf4 0-1

[Event "*** Titled Tuesday Blitz"]
[Site "Chess.com"]
[Date "2020.11.10"]
[Round "6"]
[White "Evgeny81"]
[Black "bazar-wokzal"]
[Result "1-0"]
[WhiteElo "2713"]
[BlackElo "2498"]
[TimeControl "180+1"]
[EndTime "11:10:09 PST"]
[Termination "Evgeny81 won by resignation"]

1. e4 Nc6 2. d4 d5 3. e5 h5 4. c3 Bg4 5. Be2 Qd7 6. Nf3 O-O-O 7. h3 Bxf3 8. Bxf3 h4 9. O-O f6 10. Re1 fxe5 11. dxe5 e6 12. b4 Kb8 13. a4 Nh6 14.
b5 Na5 15. Nd2 Nf5 16. Bg4 g6 17. Nf3 Nc4 18. Qb3 Bc5 19. a5 Rdf8 20. Bg5 Be7 21.
Bxe7 Qxe7 22. Bxf5 gxf5 23. Nd4 Ka8 24. b6 Rh6 25. Ra2 a6 26. bxc7 Qxc7 27. f4 Rg8 28. Qb4 Rhg6 29. Ree2 Rc8 30. Kh2 Qc5 31. Nf3 Rh6 32.
Re1 Ka7 33. Nd4 Qxb4 34. cxb4 Rc7 35. b5 Rc5 36. b6+ Kb8 37. Rc1 Kc8 38. Nb3 Rb5 39.
Nd2 Rc5 40. Nxc4 dxc4 41. Ra4 c3 42. Ra3 Kd7 43. Raxc3 Rxa5 44. Rc7+ Kd8 45. Rc8+ 1-0

[Event "*** Titled Tuesday Blitz"]
[Site "Chess.com"]
[Date "2020.11.10"]
[Round "6"]
[White "GMJustin"]
[Black "dominikaf"]
[Result "1-0"]
[WhiteElo "2329"]
[BlackElo "2193"]
[TimeControl "180+1"]
[EndTime "11:10:09 PST"]
[Termination "GMJustin won by checkmate"]

1. e4 e5 2. Nc3 d6 3. d4 exd4 4. Qxd4 Nc6 5. Qe3 g6 6. Bc4 Be6 7. Nd5 Bg7 8. Nf3 Nge7 9. O-O O-O 10. Ng5 Bxd5 11. exd5 Ne5 12. Bb3 h6 13. Ne4 f5 14.
Nc3 f4 15. Qh3 Qc8 16. Qxc8 Raxc8 17. Nb5 a6 18. Nd4 g5 19. Ne6 Rf6 20. c4 b6 21.
Bd2 Nd7 22. Nxg7 Kxg7 23. Bc3 Kf7 24. Bxf6 Nxf6 25. Bc2 c6 26. dxc6 Rxc6 27. Rfe1 Ng6 28. Bxg6+ Kxg6 29. b3 Kf5 30. Re7 b5 31. cxb5 axb5 32.
Rb7 Rc5 33. a4 bxa4 34. bxa4 Ra5 35. Rb5+ Rxb5 36. axb5 Nd5 37. Ra6 Ke6 38. b6 Kd7 39. b7 Kc7 40. Rxd6 Nb4 41. b8=Q+ Kxb8 42. Rb6+ Kc7 43.
Rxb4 Kd6 44. h4 Ke5 45. hxg5 hxg5 46. Rb5+ Kf6 47. f3 Kg6 48. Kh2 Kf6 49. Kh3 Kg6 50.
Kg4 Kf6 51. Rxg5 Ke6 52. Kxf4 Kf6 53. Rf5+ Kg6 54. g4 Kh6 55. Rf6+ Kg7 56. Kg5 Kh7 57. Rf7+ Kg8 58. Kg6 Kh8 59. Rf8# 1-0

[Event "*** Titled Tuesday Blitz"]
[Site "Chess.com"]
[Date "2020.11.10"]
[Round "6"]
[White "Witik"]
[Black "Gogolev_Artemy"]
[Result "1-0"]
[WhiteElo "2669"]
[BlackElo "2491"]
[TimeControl "180+1"]
[EndTime "11:10:11 PST"]
[Termination "Witik won by resignation"]

1. d4 Nf6 2. Bf4 g6 3. Nf3 Bg7 4. Nc3 d5 5. e3 c6 6. Be2 Qb6 7. Rb1 Bf5 8. O-O Nh5 9. Bg5 h6 10. Bh4 g5 11. Ne5 Nf4 12. exf4 gxh4 13. Bg4 Bh7 14. Na4 Qd8 15. Nc5 b6 16. Ne6 fxe6 17.
Bxe6 Kf8 18. Qh5 Qe8 19. Bf7 Qd8 20. Be6 Qe8 21. Bf7 Qd8 22. Rbe1 Bxe5 23. fxe5 Bg8 24. e6 Rh7 25. Bg6 Rg7 26. Qxh6 Qd6 27. Re3 Bxe6 28.
Qh8+ Bg8 29. Rf3+ Qf6 30. Rxf6+ exf6 31. Bf5 Na6 32. Qxh4 Re8 33. Qxf6+ Rf7 34. Qd6+ Kg7 35. Bh3 Nb4 36. Qxb4 Re4 37. Qd2 Rfe7 38. f3 Kf8 39. fxe4+ 1-0

[Event "*** Titled Tuesday Blitz"]
[Site "Chess.com"]
[Date "2020.11.10"]
[Round "6"]
[White "Zarikovs1999"]
[Black "Harry_Rakkel"]
[Result "1-0"]
[WhiteElo "2381"]
[BlackElo "2538"]
[TimeControl "180+1"]
[EndTime "11:10:12 PST"]
[Termination "Zarikovs1999 won on time"]

1. e4 c5 2. Nf3 e6 3. d4 cxd4 4. Nxd4 Nc6 5. Nc3 Qc7 6. Be2 a6 7. O-O Nf6 8. Be3 Bb4 9. Na4 O-O 10. Nxc6 bxc6 11. Nb6 Rb8 12. Nxc8 Rfxc8 13. Bxa6 Re8 14. Bd3 Bd6 15. g3 Be5 16. Kg2 d5 17. exd5 cxd5 18. Rb1 Bxb2 19. Qe2 Bc3 20. Rb3 d4 21. Bf4 e5 22.
Rxb8 Qxb8 23. Bg5 Nd7 24. Qg4 Nf8 25. h4 g6 26. h5 f5 27. Qh4 Qa8+ 28. Kh2 Qxa2 29.
hxg6 Nxg6 30. Qh6 Qf7 31. Rb1 e4 32. Rb7 Ne7 33. Bxe7 exd3 34. Qg5+ Qg6 35. cxd3 Qxg5 36. Bxg5 Re2 37. Kg2 Be1 38. Kf1 Re6 39. Rb5 1-0

[Event "*** Titled Tuesday Blitz"]
[Site "Chess.com"]
[Date "2020.11.10"]
[Round "6"]
[White "SantoBlue"]
[Black "vugarrasulov"]
[Result "0-1"]
[WhiteElo "2916"]
[BlackElo "2889"]
[TimeControl "180+1"]
[EndTime "11:10:13 PST"]
[Termination "vugarrasulov won by resignation"]

1. e4 c5 2. c3 Nf6 3. e5 Nd5 4. Nf3 e6 5. Bc4 d6 6. d4 Nb6 7.
Bb5+ Bd7 8. Bg5 Be7 9. Bxe7 Qxe7 10. Bxd7+ N8xd7 11. Nbd2 cxd4 12. exd6 Qxd6 13. Nxd4 O-O 14.
O-O Nf6 15. Qe2 a6 16. Ne4 Nxe4 17. Qxe4 Qd5 18. Qxd5 Nxd5 19. a4 Rfd8 20. Rfd1 e5 21. Nf5 Kf8 22. Ng3 Nf4 23. Kf1 g6 24. Ne4 Ke7 25.
g3 Ne6 26. Nd2 Rac8 27. Ke2 Nc5 28. a5 f5 29. Nc4 Ke6 30. Nb6 Rb8 31. f3 g5 32. b4 Nd7 33. c4 Nf6 34. b5 e4 35.
c5 axb5 36. Rxd8 Rxd8 37. a6 bxa6 38. Rxa6 Nd5 39. fxe4 fxe4 40. Nc4+ Kf5 41. Nd6+ Kg4 42. Nxb5 Rb8 43. Ra5 Rxb5 44. Rxb5 Nc3+ 45. Ke3 Nxb5 46. Kxe4 Kh3 47. Kd5 Kxh2 48. Kc6 Nc3 49. Kd7 Kxg3 0-1

[Event "*** Titled Tuesday Blitz"]
[Site "Chess.com"]
[Date "2020.11.10"]
[Round "6"]
[White "stepanosinovsky"]
[Black "ehrenfeld"]
[Result "1-0"]
[WhiteElo "2366"]
[BlackElo "2477"]
[TimeControl "180+1"]
[EndTime "11:10:14 PST"]
[Termination "stepanosinovsky won by resignation"]

1. e4 d6 2. d4 g6 3. g3 Bg7 4. Bg2 Nc6 5. Ne2 e5 6. c3 Nf6 7.
O-O O-O 8. a4 a5 9. Na3 Re8 10.
Qc2 exd4 11. cxd4 Nb4 12. Qb1 c6 13. f3 Be6 14. Be3 Nd7 15. Nc3 d5 16. Rd1 dxe4 17.
fxe4 Bg4 18. Rd2 Be6 19. Qf1 Nb6 20. Kh1 f5 21. d5 cxd5 22. exd5 Bf7 23. Bd4 Bxd4 24.
Rxd4 Qf6 25. Rad1 Nd7 26. d6 Nc6 27. R4d2 Rad8 28. Nab5 Nde5 29. Nd5 Bxd5 30. Rxd5 Ng4 31. Nc7 Rf8 32. Qe1 Qxb2 33. R1d2 Qc3 34. h3 Ne3 35. R5d3 Qc5 36. Qxe3 Qxe3 37. Rxe3 Rf6 38. d7 Kf7 39.
Bd5+ Kg7 40. Bxc6 Rxc6 41. Ne6+ Rxe6 42. Rxe6 Kf7 43. Re3 Kf6 44. h4 g5 45. hxg5+ Kxg5 46. Re8 Kg4 47. Rxd8 1-0

[Event "*** Titled Tuesday Blitz"]
[Site "Chess.com"]
[Date "2020.11.10"]
[Round "6"]
[White "blitzking1729"]
[Black "swimmerchess"]
[Result "1-0"]
[WhiteElo "2549"]
[BlackElo "2817"]
[TimeControl "180+1"]
[EndTime "11:10:15 PST"]
[Termination "blitzking1729 won by resignation"]

1. d4 Nf6 2. Bg5 Ne4 3. Bf4 c5 4. f3 Qa5+ 5. c3 Nf6 6. Nd2 cxd4 7. Nb3 Qf5 8. Qxd4 Nc6 9. Qd2 e5 10. Bg3 d5 11. e3 h5 12. Bd3 e4 13. fxe4 Nxe4 14.
Bxe4 Qxe4 15. Nf3 h4 16. Bf4 h3 17. O-O-O Bf5 18. Qe2 Qb1+ 19. Kd2 Qxb2+ 20. Ke1 hxg2 21.
Rg1 Qxe2+ 22. Kxe2 O-O-O 23. Rxg2 f6 24. Nfd4 Be4 25.
Nxc6 bxc6 26. Rf2 g5 27. Bg3 f5 28. Nd4 Bg7 29. Nxf5 Bxc3 30. Nd6+ Rxd6 31. Bxd6 g4 32. Rc1 Ba5 33. Rf7 d4 34. exd4 Bd5 35. Rxa7 Re8+ 36.
Kf2 Bd8 37. Rb1 Bh4+ 38. Kg1 Re1+ 39. Rxe1 Bxe1 40. Be5 Bc3 41. Kf2 Kd8 42. Ke3 c5 43. Bc7+ Kd7 44. Ba5+ 1-0

[Event "*** Titled Tuesday Blitz"]
[Site "Chess.com"]
[Date "2020.11.10"]
[Round "6"]
[White "FLamps8"]
[Black "vovachesss"]
[Result "0-1"]
[WhiteElo "2495"]
[BlackElo "2671"]
[TimeControl "180+1"]
[EndTime "11:10:15 PST"]
[Termination "vovachesss won on time"]

1. e4 e5 2. Nf3 d5 3. exd5 e4 4. Qe2 Nf6 5. Nc3 Be7 6. Nxe4 O-O 7.
d3 Nxd5 8. Qd1 f5 9. Nc3 Nxc3 10. bxc3 Bf6 11. d4 Re8+ 12. Be2 Qe7 13. Be3 Kh8 14.
Qd2 c5 15. O-O f4 16. Bxf4 Qxe2 17. Rae1 Qb5 18. c4 Qd7 19. Ne5 Bxe5 20. Bxe5 Rf8 21.
Re4 Nc6 22. Rf4 Re8 23. Qc3 cxd4 24. Bxd4 Nxd4 25. Rxd4 Qf7 26. Rh4 Bf5 27. c5 Rad8 28.
Qb4 Bxc2 29. Rf4 Qd5 30. Qc3 Qd3 31. Qxd3 Bxd3 32. Rc1 Bb5 33. h3 Bc6 34. Rfc4 h6 35.
R4c2 Re5 36. Rb2 Rg5 37. f4 Rgd5 38. Kh2 Rd2 39. Rcc2 R2d4 40. Rf2 Rf8 41. f5 Rd5 42. g4 Rd1 43. Rbd2 Rh1+ 44. Kg3 Re8 45. Rde2 Rd8 46. f6 Rd3+ 47. Kf4 gxf6 48. Kf5 Rd7 49. Kg6 Rg7+ 50. Kxf6 Rxh3 51. Rf4 Rf3 52. Rxf3 Bxf3 53. Re8+ Kh7 54. Ra8 a6 0-1

[Event "*** Titled Tuesday Blitz"]
[Site "Chess.com"]
[Date "2020.11.10"]
[Round "6"]
[White "Xtrmntr78"]
[Black "Nara_Kh"]
[Result "0-1"]
[WhiteElo "2550"]
[BlackElo "2381"]
[TimeControl "180+1"]
[EndTime "11:10:15 PST"]
[Termination "Nara_Kh won on time"]

1. c4 e5 2. Nc3 Bb4 3. Nd5 Bc5 4. Nf3 d6 5. e3 c6 6. Nc3 Qe7 7. Be2 Nf6 8. O-O O-O 9. d4 Bb4 10. Bd2 Na6 11. a3 Ba5 12. b4 Bc7 13. b5 Nb8 14.
Rb1 e4 15. Ne1 Bf5 16. bxc6 bxc6 17. Rb7 d5 18. Qb3 Bc8 19. Qb4 Bxh2+ 20. Kxh2 Qxb7 21. cxd5 cxd5 22. Qd6 Qc6 23. Qf4 Nbd7 24. Nc2 Nb6 25. Nb4 Qe6 26. Nb5 Ng4+ 27. Kg3 Qg6 28. Bxg4 h5 29. Nc7 Bxg4 30. Kh2 Rad8 31. Nba6 Rd7 32.
Bb4 Rc8 33. Rc1 Nc4 34. Nb5 Qb6 35. Nc5 Qxb5 36. Nxd7 Qxd7 37. f3 exf3 38. gxf3 Be6 39. Rg1 Qc7 40. Qxc7 Rxc7 41. e4 a5 42. Rg5 axb4 0-1

[Event "*** Titled Tuesday Blitz"]
[Site "Chess.com"]
[Date "2020.11.10"]
[Round "6"]
[White "PSvidler"]
[Black "GMTalks_Youtube"]
[Result "1-0"]
[WhiteElo "2872"]
[BlackElo "2629"]
[TimeControl "180+1"]
[EndTime "11:10:16 PST"]
[Termination "PSvidler won on time"]

1. c4 e5 2. g3 Nf6 3. Bg2 d5 4. cxd5 Nxd5 5. Nc3 Nb6 6. d3 Be7 7. Be3 O-O 8. Rc1 Re8 9. h4 Bf8 10. Nh3 f6 11. d4 exd4 12. Bxd4 Nc6 13. Bxc6 bxc6 14. Nf4 Bd6 15. h5 Bxf4 16. gxf4 Nd5 17. h6 g6 18. Qd2 Bg4 19. Be3 Nxe3 20. fxe3 Qe7 21. e4 Rad8 22. Qe3 Bf5 23. Kf2 Bxe4 24. Nxe4 Qxe4 25. Qxe4 Rxe4 26. e3 Rd6 27. Kf3 Ree6 28. Rc3 f5 29. Ra3 Re7 30. Rxa7 Rd3 31. Re1 Kf7 32. Ra3 Rd2 33. Re2 Rd1 34. Kg2 Red7 35. Rc3 R7d2 36. Kf2 Rxe2+ 37. Kxe2 Rb1 38. Rc2 Ke7 39.
Kd3 Kd6 40. Rh2 c5 41. a4 Kd5 42. Kc3 1-0

[Event "*** Titled Tuesday Blitz"]
[Site "Chess.com"]
[Date "2020.11.10"]
[Round "6"]
[White "vladimirssvesnikovs"]
[Black "JozefKneht"]
[Result "1/2-1/2"]
[WhiteElo "2297"]
[BlackElo "2509"]
[TimeControl "180+1"]
[EndTime "11:10:16 PST"]
[Termination "Game drawn by agreement"]

1. e4 Nf6 2. e5 Nd5 3. d4 d6 4. c4 Nb6 5. exd6 cxd6 6. Nc3 g6 7.
Be3 Bg7 8. Rc1 O-O 9. b3 Nc6 10. d5 Ne5 11. Be2 h5 12. h3 e6 13. f4 Qh4+ 14. Kf1 Ng4 15. Bxg4 hxg4 16. dxe6 Bxe6 17. Bd4 gxh3 18. Nxh3 Bxh3 19. Bxg7 Qxf4+ 20. Kg1 Qe3+ 21. Kf1 Bxg2+ 22. Kxg2 Kxg7 23. Rh3 Qe5 24. Qd2 Rh8 25. Re1 Qf6 26. Ne4 Qe5 27. Nf2 Qf5 28. Qd4+ Qf6 29. Qxf6+ Kxf6 30. Ne4+ Kg7 31. Rxh8 Rxh8 32. Nxd6 Rd8 33.
Nxb7 Rd2+ 34. Kf3 Rxa2 35. c5 Nd5 36. Rd1 Nb4 37. Rd4 Nc6 38. Rd6 Ne5+ 39. Ke4 Re2+ 40. Kd5 g5 41. c6 Nxc6 42. Rxc6 g4 43. Nd6 Rf2 44. Ne4 Rf5+ 45. Kd4 Rb5 46. Nc5 g3 47.
Ke3 f5 48. Kf3 f4 49. Rc7+ Kg6 50. Rc8 a5 51. Kxf4 g2 52. Rg8+ Kf7 53. Rxg2 Rxc5 54. Ra2 Rb5 55. Ke4 Rxb3 56. Rxa5 1/2-1/2

[Event "*** Titled Tuesday Blitz"]
[Site "Chess.com"]
[Date "2020.11.10"]
[Round "6"]
[White "Chess2019Player"]
[Black "picturesquecheck"]
[Result "1-0"]
[WhiteElo "2253"]
[BlackElo "2102"]
[TimeControl "180+1"]
[EndTime "11:10:16 PST"]
[Termination "Chess2019Player won by checkmate"]

1. Nf3 c5 2. b3 Nc6 3. Bb2 Nf6 4. g3 g6 5. Bg2 Bg7 6. O-O O-O 7. d4 cxd4 8. Nxd4 d5 9. Nxc6 bxc6 10. c4 Bf5 11. cxd5 cxd5 12. Nc3 e6 13. Nb5 Qb6 14.
Nd4 Rfd8 15. Nxf5 gxf5 16. Bd4 Qb5 17. Qc1 Qxe2 18. Qg5 h6 19. Qh4 Nh7 20. Rfe1 Qg4 21. Qxg4 fxg4 22. Bxg7 Kxg7 23. Rac1 Rac8 24. Bf1 Ng5 25.
Kg2 h5 26. Ba6 Rxc1 27. Rxc1 Rd7 28. Bb5 Re7 29. a4 Nf3 30. b4 Nd4 31. Bd3 f5 32.
b5 e5 33. a5 e4 34. Bf1 Kf6 35. Rc8 Rb7 36. Rd8 Nxb5 37. Rxd5 Nc3 38. Rc5 Na4 39.
Rc4 Nb2 40. Rc6+ Kg5 41. Ba6 Rd7 42. Bc8 Rf7 43. Be6 Nd3 44. Bxf7 Nb4 45. Rg6# 1-0

[Event "*** Titled Tuesday Blitz"]
[Site "Chess.com"]
[Date "2020.11.10"]
[Round "6"]
[White "BillCoe"]
[Black "Buryshin_Vasyl"]
[Result "1-0"]
[WhiteElo "2064"]
[BlackElo "2231"]
[TimeControl "180+1"]
[EndTime "11:10:16 PST"]
[Termination "BillCoe won on time"]

1. e4 c5 2. Nf3 Nc6 3. Bb5 d6 4.
c3 Bd7 5. O-O Nf6 6. Re1 g6 7.
d4 a6 8. Ba4 b5 9. Bc2 cxd4 10.
cxd4 e6 11. Bg5 Bg7 12. Qd2 O-O 13. Bh6 Rc8 14. Bxg7 Kxg7 15. a3 Qb6 16. Nc3 Ne7 17. d5 exd5 18. exd5 Nexd5 19. Nxd5 Nxd5 20. Bxg6 hxg6 21. Qxd5 Be6 22. Qd2 Rc7 23. Nd4 Re8 24. Rad1 Rd7 25. Qg5 f6 26. Qg3 Bf7 27. Nf5+ Kf8 28. Rxe8+ Kxe8 29. Nxd6+ Rxd6 30. Qxd6 Qxd6 31. Rxd6 Ke7 32. Rxa6 Bc4 33.
Rb6 g5 34. f3 Kf7 35. Kf2 Kg6 36. b3 Bxb3 37. Rxb5 Ba4 38. Rb4 Bd1 39. a4 Bc2 40. a5 1-0

[Event "*** Titled Tuesday Blitz"]
[Site "Chess.com"]
[Date "2020.11.10"]
[Round "6"]
[White "wnstop"]
[Black "Msb2"]
[Result "0-1"]
[WhiteElo "2716"]
[BlackElo "2901"]
[TimeControl "180+1"]
[EndTime "11:10:17 PST"]
[Termination "Msb2 won on time"]

1. e4 e6 2. d4 d5 3. Nd2 c5 4. exd5 Qxd5 5. dxc5 Qxc5 6. Ngf3 Nf6 7. Bd3 Nbd7 8. Qe2 Qc7 9. c3 b6 10. Ne4 Bb7 11. Nxf6+ gxf6 12. Be4 Nc5 13. Bxb7 Qxb7 14. Bf4 O-O-O 15. O-O Bd6 16. Bg3 Qe4 17. Qb5 Bxg3 18. hxg3 Kb7 19. Rfe1 Qc6 20. Qe2 Rd5 21. Nd4 Qd7 22.
Qf3 Kb8 23. a4 f5 24. a5 b5 25. a6 Ne4 26. Ra5 h5 27. Qe2 Nd6 28. Nf3 Nc4 29. Ra2 Rd8 30. b3 Nd6 31. c4 Rc5 32. Ne5 Qc7 33. Nd3 Ne4 34. Nxc5 Qxc5 35. Rc2 b4 36. Rd1 Rg8 37. Qf3 Qe5 38. Qf4 Qxf4 39. gxf4 h4 40. Kh2 Rg4 41. Re2 Nc3 0-1

[Event "*** Titled Tuesday Blitz"]
[Site "Chess.com"]
[Date "2020.11.10"]
[Round "6"]
[White "Korchmar_Vasiliy"]
[Black "SharapovEvgeny"]
[Result "1-0"]
[WhiteElo "2620"]
[BlackElo "2463"]
[TimeControl "180+1"]
[EndTime "11:10:17 PST"]
[Termination "Korchmar_Vasiliy won by resignation"]

1. d4 d5 2. Nf3 c6 3. Bf4 Nf6 4. e3 g6 5. Be2 Bg7 6. O-O Bg4 7.
Nbd2 O-O 8. h3 Bxf3 9. Nxf3 Nbd7 10. c4 e6 11. Qc2 Ne4 12. Rfd1 f5 13. Qb3 Qb6 14.
c5 Qxb3 15. axb3 a6 16. Nd2 Nxd2 17. Rxd2 e5 18. Bh2 exd4 19. exd4 f4 20. Bg4 Nf6 21.
Be6+ Kh8 22. f3 Rae8 23. Re1 Nh5 24. Kf1 g5 25. Bd7 Rxe1+ 26. Kxe1 Rd8 27. Bg4 Nf6 28. Bf5 Ne8 29. Bg1 Nc7 30. Re2 Bf6 31. Kd2 Kg7 32. Kd3 h5 33. Bf2 h4 34. Be1 Nb5 35. Ba5 Rf8 36.
Bc3 Nxc3 37. bxc3 Bxd4 38. Kxd4 Rxf5 39. Re7+ Rf7 40. Rxf7+ Kxf7 41. Ke5 Ke7 42. Kf5 b6 43. cxb6 Kd6 44. Kxg5 c5 45. Kxf4 c4 46. bxc4 dxc4 47. Ke3 a5 48. Kd4 a4 49. Kxc4 Kc6 50. Kb4 Kxb6 51. Kxa4 Kc5 52. Kb3 Kb5 53. c4+ Kc5 54. Kc3 Kc6 55. Kd4 Kd6 56. c5+ Kc6 57. f4 Kd7 58.
Kd5 1-0